 Dungeon Crawl Stone Soup version 0.25-b1-37-g2669288c55 (webtiles) character file.

Game seed: 5206378009708152322

95 Chiseanne the Skirmisher (level 4, 0/41 HPs)
             Began as a Gnoll Wanderer on June 4, 2020.
             Slain by an orc
             ... wielding a +0 dagger
              (5 damage)
             ... on level 3 of the Dungeon.
             The game lasted 00:05:08 (1004 turns).

Chiseanne the Skirmisher (Gnoll Wanderer)           Turns: 1004, Time: 00:05:09

Health: 0/41       AC:  2    Str: 16    XL:     4   Next: 65%
Magic:  5/5        EV: 13    Int: 12    God:
Gold:   95         SH:  0    Dex: 16    Spells: 5/5 levels left

rFire    . . .     SeeInvis .   a - +0 hand axe
rCold    . . .     Gourm    .   (no shield)
rNeg     . . .     Faith    .   d - +0 robe
rPois    .         Spirit   .   (no helmet)
rElec    .         Reflect  .   (no cloak)
rCorr    .         Harm     .   (no gloves)
MR       .....                  (no boots)
Stlth    ++........             (no amulet)
HPRegen  0.13/turn              (no ring)
MPRegen  0.09/turn              (no ring)

@: lethally poisoned (0 -> -19)
A: distributed training, fangs 1, strong nose
a: no special abilities


You were on level 3 of the Dungeon.
You were not hungry.

You visited 1 branch of the dungeon, and saw 3 of its levels.

You collected 95 gold pieces.

Inventory:

Hand Weapons
 a - a +0 hand axe (weapon)
 k - a +0 quarterstaff
 w - a +2 shortbow
Missiles
 b - 45 arrows
 g - 11 poisoned darts (quivered)
 l - 49 stones
 n - 14 sling bullets
Armour
 d - a +0 robe (worn)
 h - a +0 kite shield
Jewellery
 j - a cursed amulet of inaccuracy {unknown}
Wands
 m - a wand of clouds (5)
Potions
 c - 2 potions of curing
 e - a potion of degeneration {unknown}
 i - a potion of flight {unknown}
 p - a potion of haste {unknown}
Comestibles
 f - 3 rations


   Skills:
 + Level 6.6 Fighting
 + Level 1.2 Short Blades
 + Level 1.2 Long Blades
 + Level 1.2 Axes
 + Level 1.2 Maces & Flails
 + Level 1.2 Polearms
 + Level 1.2 Staves
 + Level 1.2 Slings
 + Level 4.6 Bows
 + Level 1.2 Crossbows
 + Level 2.8 Throwing
 + Level 4.6 Armour
 + Level 2.8 Dodging
 + Level 2.6 Stealth
 + Level 1.2 Shields
 + Level 1.2 Unarmed Combat
 + Level 1.2 Spellcasting
 + Level 1.0 Conjurations
 + Level 1.0 Hexes
 + Level 1.0 Charms
 + Level 1.0 Summonings
 + Level 1.0 Necromancy
 + Level 1.0 Translocations
 + Level 1.0 Transmutations
 + Level 1.0 Fire Magic
 + Level 1.0 Ice Magic
 + Level 1.0 Air Magic
 + Level 1.0 Earth Magic
 + Level 1.0 Poison Magic
 + Level 1.3 Invocations
 + Level 1.2 Evocations


You had 5 spell levels left.
You didn't know any spells.
Your spell library was empty.

Dungeon Overview and Level Annotations

Branches:
Dungeon (3/15)

Altars:
Gozag
Nemelex Xobeh

Annotations:
D:3 3 runed translucent doors, Descartes's ghost, amateur FeSk


Innate Abilities, Weirdness & Mutations

Your experience applies equally to all skills.
You have very sharp teeth.
Your uncanny sense of smell can sniff out nearby items.


Message History

You hit the orc.
You feel sick. The orc hits you with a +0 dagger.
You hit the orc.
The orc is lightly wounded.
You barely miss the orc.
* * * LOW HITPOINT WARNING * * *
You feel very sick. The orc barely misses you.
The orc hits you but does no damage.
You hit the orc.
You kill the orc!
You closely miss the orc.
* * * LOW HITPOINT WARNING * * *
You feel sick. The orc hits you with a +0 dagger.
* * * LOW HITPOINT WARNING * * *
You closely miss the orc.
The orc is severely wounded.
* * * LOW HITPOINT WARNING * * *
You feel sick. The orc hits you with a +0 dagger.
* * * LOW HITPOINT WARNING * * *
The orc hits you with a +0 dagger.
You die...

.. .. # #. .###.
##+## .... ##...##
#..##.....##
#.o#.......##
#.)@........# ##..
................+....
...####..........# #
##...(...#.####
##...........#
##...##+++###
#####'##H.W$$##
#...#.#o.._...#
#..#8..8.$8#


You could see a hippogriff and an orc.

Vanquished Creatures
  An orc wizard (D:3)
  3 adders
  An ooze (D:3)
  2 worms (D:2)
  A dart slug (D:1)
  A leopard gecko (D:3)
  3 orcs (D:3)
  A giant cockroach (D:3)
  3 goblins
  2 hobgoblins
  2 kobolds
  5 bats
  A frilled lizard (D:1)
26 creatures vanquished.

Notes
Turn   | Place    | Note
-------+----------+-------------------------------------------
     0 | D:1      | Chiseanne the Gnoll Wanderer began the quest for the Orb.
     0 | D:1      | Chiseanne set off with the following items: a +2 shortbow,
                  | 23 arrows, 2 potions of curing, a +0 robe, a ration
     0 | D:1      | Reached XP level 1. HP: 23/23 MP: 1/1
   247 | D:2      | Reached XP level 2. HP: 29/29 MP: 2/2
   284 | D:2      | Reached XP level 3. HP: 21/35 MP: 3/3
   546 | D:3      | Reached skill level 1 in Invocations
   808 | D:3      | Found a sparkling altar of Nemelex Xobeh.
   913 | D:3      | Reached skill level 1 in Short Blades
   913 | D:3      | Reached skill level 1 in Long Blades
   913 | D:3      | Reached skill level 1 in Axes
   913 | D:3      | Reached skill level 1 in Maces & Flails
   913 | D:3      | Reached skill level 1 in Polearms
   913 | D:3      | Reached skill level 1 in Staves
   913 | D:3      | Reached skill level 1 in Slings
   913 | D:3      | Reached skill level 1 in Crossbows
   913 | D:3      | Reached skill level 1 in Shields
   913 | D:3      | Reached skill level 1 in Unarmed Combat
   913 | D:3      | Reached skill level 1 in Spellcasting
   913 | D:3      | Reached skill level 1 in Evocations
   935 | D:3      | Reached XP level 4. HP: 38/41 MP: 5/5
   936 | D:3      | Found a runed translucent gate.
   936 | D:3      | Found a runed translucent gate.
   936 | D:3      | Found a runed translucent gate.
   938 | D:3      | Found an opulent altar of Gozag.
   938 | D:3      | Noticed a hippogriff
   938 | D:3      | Noticed Descartes's ghost (amateur FeSk)
  1001 | D:3      | Reached skill level 1 in Conjurations
  1001 | D:3      | Reached skill level 1 in Hexes
  1001 | D:3      | Reached skill level 1 in Charms
  1001 | D:3      | Reached skill level 1 in Summonings
  1001 | D:3      | Reached skill level 1 in Necromancy
  1001 | D:3      | Reached skill level 1 in Translocations
  1001 | D:3      | Reached skill level 1 in Transmutations
  1001 | D:3      | Reached skill level 1 in Fire Magic
  1001 | D:3      | Reached skill level 1 in Ice Magic
  1001 | D:3      | Reached skill level 1 in Air Magic
  1001 | D:3      | Reached skill level 1 in Earth Magic
  1001 | D:3      | Reached skill level 1 in Poison Magic
  1004 | D:3      | Slain by an orc

Illustrated notes

Levels and vault maps discovered:
D:1:      matt_arrival_refuge, layout_loops_ring
D:2:      layout_basic, chequers_serial_rivers_micro_c
D:3:      layout_loops_corners, lemuel_round_altar, portal_sewer_entry_d,
          ebering_ghost_gozag, kennysheep_generic_room_8

Skill      XL: |  1  2  3  4 |
---------------+-------------+-----
Invocations    | 1 |  1.3
Short Blades   | 1 |  1.2
Long Blades    | 1 |  1.2
Axes           | 1 |  1.2
Maces & Flails | 1 |  1.2
Polearms       | 1 |  1.2
Staves         | 1 |  1.2
Slings         | 1 |  1.2
Crossbows      | 1 |  1.2
Shields        | 1 |  1.2
Unarmed Combat | 1 |  1.2
Spellcasting   | 1 |  1.2
Evocations     | 1 |  1.2
Conjurations   | 1 |  1.0
Hexes          | 1 |  1.0
Charms         | 1 |  1.0
Summonings     | 1 |  1.0
Necromancy     | 1 |  1.0
Translocations | 1 |  1.0
Transmutations | 1 |  1.0
Fire Magic     | 1 |  1.0
Ice Magic      | 1 |  1.0
Air Magic      | 1 |  1.0
Earth Magic    | 1 |  1.0
Poison Magic   | 1 |  1.0
Fighting       | |  6.6
Bows           | |  4.6
Throwing       | |  2.8
Armour         | |  4.6
Dodging        | |  2.8
Stealth        | |  2.6

Action                   |  1- 3 |  4- 6 || total
-------------------------+-------+-------++-------
Melee: Hand axe          |       |     9 ||     9
 Fire: Shortbow          |    66 |       ||    66
  Use: Scroll            |     5 |       ||     5
Armor: Robe              |     9 |       ||     9
Dodge: Dodged            |    32 |     4 ||    36
